AoeStats
← Mr. Snrub

Black Forest

509193560Analyzed
3v3 RM · 7d ago on Sep 25, 2026· 51m 3s· 6 players
Game mode
Random Map
Map size
Normal (6 player)
Population
200
Speed
Normal
Resources
Standard
Victory
Conquest
Starting age
Dark Age
Ending age
Imperial Age
RankedLock teamsTeams togetherTeam positionsShared explorationLock speedFull tech treeHidden civsTurbo modeCheats
Victory
Defeat
🇨🇦 Turks · Canada
1155
+16
🇨🇦 Bohemians · Canada
1155
+16
🇨🇦 Franks · Canada
1154
+16
🇩🇪 Teutons · Germany
1208
-19
🇩🇪 Goths · Germany
1123
-15
🇩🇪 Hindustanis · Germany
1109
-14
ToblZobl
5:02 Loom
11:48 Feudal Age
15:44 Castle Age
14:44 Double-Bit Axe
14:41 Horse Collar
17:12 Bow Saw
19:02 Heavy Plow
23:00 Caravan
29:29 Imperial Age
27:35 Wheelbarrow
26:55 Pikeman
27:54 Forging
29:35 Halberdier
31:07 Iron Casting
30:33 Scale Mail Armor
31:27 Hand Cart
32:09 Scale Barding Armor
33:05 Blast Furnace
31:30 Cavalier
32:54 Husbandry
33:09 Bloodlines
33:44 Chain Mail Armor
33:50 Chain Barding Armor
34:51 Stone Mining
34:51 Gold Mining
36:13 Halberdier
36:53 Squires
38:34 Chemistry
42:08 Conscription
41:09 Elite Huskarl
49:46 Man-at-Arms
Gerrson
0:51 Loom
11:32 Feudal Age
15:36 Castle Age
14:18 Double-Bit Axe
14:19 Horse Collar
17:47 Heavy Plow
18:36 Bow Saw
23:56 Fortified Wall
24:52 Masonry
34:19 Imperial Age
33:38 Fletching
34:38 Bodkin Arrow
35:36 Crenellations
48:40 Wheelbarrow
51:27 Crop Rotation
philipp9426
1:47 Loom
12:09 Feudal Age
17:20 Castle Age
15:10 Double-Bit Axe
15:06 Horse Collar
16:18 Stone Mining
20:18 Bow Saw
26:56 Wheelbarrow
27:11 Heavy Plow
29:53 Hand Cart
33:36 Imperial Age
31:58 Scale Mail Armor
32:01 Squires
32:29 Bloodlines
31:41 Light Cavalry
33:42 Chain Mail Armor
33:38 Forging
35:24 Chemistry
34:34 Shatagni
33:57 Elite Ghulam
34:58 Conscription
35:21 Gold Mining
35:53 Grand Trunk Road
36:50 Scale Barding Armor
40:53 Husbandry
42:03 Caravan
43:19 Chain Barding Armor
43:35 Iron Casting
44:13 Siege Engineers
45:24 Hussar
Dradis
0:31 Loom
12:45 Feudal Age
16:42 Castle Age
21:19 Imperial Age
19:03 Double-Bit Axe
19:06 Horse Collar
30:55 Padded Archer Armor
41:47 Artillery
42:09 Conscription
45:04 Caravan
The Toope
0:26 Loom
11:19 Feudal Age
17:34 Castle Age
15:57 Double-Bit Axe
16:44 Horse Collar
22:22 Wheelbarrow
24:49 Bow Saw
29:29 Imperial Age
28:50 Chemistry
28:24 Hand Cart
28:42 Caravan
28:38 Pikeman
30:04 Scale Mail Armor
30:15 Squires
30:27 Forging
31:30 Two-Man Saw
32:21 Chain Mail Armor
32:43 Iron Casting
33:03 Conscription
32:54 Arson
34:20 Siege Engineers
33:38 Halberdier
35:43 Plate Mail Armor
36:53 Ballistics
40:08 Padded Archer Armor
41:09 Blast Furnace
40:03 Elite Skirmisher
40:28 Heavy Scorpion
42:09 Houfnice
43:28 Leather Archer Armor
43:06 Fletching
47:45 Ring Archer Armor
47:10 Bodkin Arrow
Mr. Snrub
0:26 Loom
10:58 Feudal Age
16:19 Castle Age
14:40 Double-Bit Axe
23:31 Fletching
25:25 Husbandry
28:41 Wheelbarrow
28:36 Stone Mining
36:36 Imperial Age
36:00 Caravan
36:26 Scale Barding Armor
36:31 Forging
37:46 Conscription
37:39 Cavalier
39:07 Chivalry
39:48 Chain Barding Armor
40:03 Iron Casting
39:23 Bodkin Arrow
39:57 Ordonnance Companies
39:59 Paladin
40:03 Pikeman
40:44 Squires
41:39 Halberdier
43:01 Gold Mining
44:31 Plate Barding Armor
44:56 Blast Furnace
43:59 Scale Mail Armor
Connection lost

Rejoining the realm…

Still unreachable

The connection could not be restored.

Session expired

The server has moved on; the page needs a fresh start.